 Dungeon Crawl Stone Soup version 0.26-a0-30-g56b8cd3df0 (webtiles) character file.

Game seed: 1175717562808670660, levelgen mode: deterministic

812 wullow the Purveyor of Pain (level 7, 0/55 HPs)
             Began as a Demonspawn Necromancer on June 1, 2020.
             Was an Initiate of Kikubaaqudgha.
             Killed from afar by an electric eel (9 damage)
             ... with a bolt of electricity
             ... on level 6 of the Dungeon.
             The game lasted 00:22:04 (6355 turns).

wullow the Purveyor of Pain (DsNe)                  Turns: 6355, Time: 00:22:05

Health: 0/55       AC:  7    Str: 15    XL:     7   Next: 61%
Magic:  13/13      EV: 12    Int: 15    God:    Kikubaaqudgha [......]
Gold:   210        SH:  0    Dex: 13    Spells: 7/14 levels left

rFire    . . .     SeeInvis .   p - +2 trident (vorpal)
rCold    . . .     Gourm    .   (no shield)
rNeg     . . .     Faith    .   s - +0 robe
rPois    .         Spirit   .   (no helmet)
rElec    .         Reflect  .   (no cloak)
rCorr    .         Harm     .   t - +2 pair of gloves of the Flute {*Drain Regen+ Str+6 Int-3}
MR       .....                  (no boots)
Stlth    ++........             (no amulet)
HPRegen  0.58/turn              (no ring)
MPRegen  0.13/turn              (no ring)

@: no status effects
A: rugged brown scales 2, spiny 2, rot immunity
a: Renounce Religion


You were on level 6 of the Dungeon.
You worshipped Kikubaaqudgha.
Kikubaaqudgha was noncommittal.
You were not hungry.

You visited 2 branches of the dungeon, and saw 7 of its levels.

You collected 210 gold pieces.

Inventory:

Hand Weapons
 h - a +0 dagger
 p - a +2 vorpal trident (weapon)
Missiles
 a - 6 poisoned darts
 e - 240 stones (quivered)
 l - 10 sling bullets
Armour
 s - a +0 robe (worn)
 t - the +2 pair of gloves of the Flute (worn) {*Drain Regen+ Str+6 Int-3}
   (You found it on level 4 of the Dungeon)

   It affects your strength (+6).
   It affects your intelligence (-3).
   It increases your rate of regeneration.
   It causes draining when unequipped.
Wands
 f - a wand of random effects (27)
 q - a wand of polymorph (4)
Scrolls
 d - 3 scrolls of remove curse
 j - a scroll of identify
 u - 3 scrolls of teleportation
Potions
 b - 3 potions of brilliance
 g - 2 potions of heal wounds
 i - 3 potions of berserk rage
 k - 2 potions of mutation {unknown}
 m - a potion of resistance {unknown}
 o - 2 potions of degeneration {unknown}
 r - a potion of curing {unknown}
 v - a potion of stabbing {unknown}
 w - 2 potions of ambrosia {unknown}
Comestibles
 c - 10 rations
 n - a chunk of flesh


   Skills:
 + Level 3.7 Fighting
 - Level 1.7 Dodging
 - Level 1.7 Stealth
 + Level 4.2 Spellcasting
 - Level 2.0 Conjurations
 * Level 7.8 Necromancy


You had 7 spell levels left.
You knew the following spells:

 Your Spells              Type           Power        Failure   Level  Hunger
a - Pain                  Necr           ####         1%          1    None
b - Magic Dart            Conj           #...         8%          1    None
c - Animate Dead          Necr           N/A          7%          4    ####...
d - Animate Skeleton      Necr           N/A          1%          1    None

Your spell library contained the following spells:

 Spells                   Type           Power        Failure   Level  Hunger
 Vampiric Draining        Necr           ####......   1%          3    ###....
 Agony                    Necr           ####....     19%         5    ######.
 Blink                    Tloc           N/A          26%         2    ##.....
 Call Imp                 Summ           #.......     26%         2    ##.....
 Slow                     Hex            #.......     26%         2    ##.....
 Conjure Flame            Conj/Fire      #.......     34%         3    ###....
 Mephitic Cloud           Conj/Pois/Air  #.......     38%         3    ###....


Dungeon Overview and Level Annotations

Branches:
Dungeon (6/15)             Temple (1/1) D:4

Altars:
Ashenzari
Cheibriados
Elyvilon
Fedhas
Gozag
Hepliaklqana
Kikubaaqudgha
Nemelex Xobeh
Okawaru
Qazlal
Ru
Trog
Wu Jian
Xom
Yredelemnul
Zin


Innate Abilities, Weirdness & Mutations

You are mostly covered in rugged brown scales. (AC +2, +5% HP)
You are mostly covered in sharp spines.
You are immune to rotting.


Message History

You attempt to give life to the dead...
The dead are walking!
Eating one of 2 chunks of flesh.
You eat one of the 2 chunks of flesh.
This raw flesh tastes terrible.
Your hound zombie crumbles into dust!
You swap places.
You now have 210 gold pieces (gained 16).
An electric eel comes into view.
Unknown command.
The electric eel shoots out a bolt of lightning at you!
The bolt of electricity hits you! x2
The electric eel shoots out a bolt of lightning at you!
The bolt of electricity hits you. The bolt of electricity hits you!
The electric eel shoots out a bolt of lightning at you!
The bolt of electricity hits you!
* * * LOW HITPOINT WARNING * * *
The bolt of electricity misses you.
The electric eel shoots out a bolt of lightning at you!
The bolt of electricity hits you!
You die...
Kikubaaqudgha rasps: "You have failed me!
Welcome... death!"

≈≈.. ..≈#≈≈≈≈#≈≈≈..##
....≈≈≈#≈≈≈≈#≈...######
.....≈≈≈≈#≈≈≈≈........##
.....≈#≈≈≈≈#≈≈≈...#....#
.....≈≈≈#≈≈≈≈#≈...#....#
......≈≈;≈#≈≈≈≈...#....#
......≈#≈≈Z≈......#....#
......≈≈≈Z@.......#....#
..........##......#...## #
.......#####......#..###.#
.....#######Z.....##.#≈._##
............#+######.'...8#
... ......Z.#......#.#≈._##
.Y ........#......#.###.# .
........#......'..## #
........########...#


You could see an electric eel, a friendly adder zombie and a friendly orc
skeleton.

Vanquished Creatures
  A black bear (D:6)
  2 ogres (D:4)
  A scorpion (D:4)
  2 hounds
  6 orc wizards
  A worker ant (D:5)
  A hound skeleton (D:3)
  A hound zombie (D:4)
  A worker ant zombie (D:5)
  5 adders
  2 worms
  2 dart slugs
  3 leopard geckos
  12 orcs
  A ball python (D:1)
  8 giant cockroaches
  5 goblins
  7 hobgoblins
  4 jackals (D:4)
  A quokka (D:4)
  5 bats
  7 frilled lizards
  3 kobolds
  A leopard gecko skeleton (D:5)
  A quokka skeleton (D:6)
  8 rats
91 creatures vanquished.

Vanquished Creatures (collateral kills)
  A scorpion (D:4)
  A hound (D:5)
  A bullfrog skeleton (D:5)
  A worker ant (D:5)
  A leopard gecko (D:3)
5 creatures vanquished.

Grand Total: 96 creatures vanquished

Notes
Turn   | Place    | Note
-------+----------+-------------------------------------------
     0 | D:1      | wullow the Demonspawn Necromancer began the quest for the
                  | Orb.
     0 | D:1      | Reached XP level 1. HP: 13/13 MP: 3/3
   468 | D:1      | Gained mutation: You are partially covered in rugged brown
                  | scales. (AC +1, +3% HP) [demonic ancestry]
   468 | D:1      | Reached XP level 2. HP: 8/19 MP: 0/5
   793 | D:1      | Found a shattered altar of Ashenzari.
  1231 | D:2      | Reached skill level 5 in Necromancy
  1600 | D:2      | Gained mutation: You are mostly covered in rugged brown
                  | scales. (AC +2, +5% HP) [demonic ancestry]
  1600 | D:2      | Reached XP level 3. HP: 17/26 MP: 1/6
  2233 | D:2      | Learned a level 1 spell: Magic Dart
  2547 | D:3      | Reached skill level 1 in Fighting
  2588 | D:3      | Found a snail-covered altar of Cheibriados.
  2678 | D:3      | Gained mutation: You are immune to rotting. [demonic
                  | ancestry]
  2678 | D:3      | Reached XP level 4. HP: 25/33 MP: 4/7
  2886 | D:3      | Learned a level 4 spell: Animate Dead
  2996 | D:3      | Reached skill level 1 in Conjurations
  3236 | D:3      | Found a stormy altar of Qazlal.
  3474 | D:3      | Learned a level 1 spell: Animate Skeleton
  3853 | D:4      | Reached skill level 6 in Necromancy
  3853 | D:4      | Gained mutation: You are partially covered in sharp spines.
                  | [demonic ancestry]
  3853 | D:4      | Reached XP level 5. HP: 22/39 MP: 0/9
  4156 | D:4      | Noticed an ogre
  4289 | D:4      | Noticed an ogre
  4343 | D:4      | Got a pair of translucent gloves
  4349 | D:4      | Identified the +2 pair of gloves of the Flute {*Drain
                  | Regen+ Str+6 Int-3} (You found it on level 4 of the
                  | Dungeon)
  4422 | D:4      | Found a staircase to the Ecumenical Temple.
  4428 | Temple   | Entered the Ecumenical Temple
  4464 | Temple   | Became a worshipper of Kikubaaqudgha
  4687 | D:4      | Killed an ogre
  4687 | D:4      | Gained mutation: You are mostly covered in sharp spines.
                  | [demonic ancestry]
  4687 | D:4      | Reached XP level 6. HP: 39/48 MP: 4/11
  4850 | D:4      | Reached skill level 7 in Necromancy
  5137 | D:5      | Entered Level 5 of the Dungeon
  5387 | D:5      | Reached XP level 7. HP: 44/54 MP: 4/12
  5925 | D:6      | Found a bloodstained altar of Trog.
  5926 | D:6      | Found a blossoming altar of Fedhas.
  6355 | D:6      | Killed from afar by an electric eel

Illustrated notes

Levels and vault maps discovered:
D:1:      dpeg_arrival_tiny_i, layout_loops_ring, ashenzari_altar_1
D:2:      layout_loops_ring, minmay_split_cup_large
D:3:      layout_loops_corners, lemuel_doored_altar, overflow_temple_1_default,
          chequers_serial_rivers_micro_e
D:4:      layout_cave_pools, minmay_temple_entry_enclosed_plants, first_ration
D:5:      layout_basic
D:6:      layout_gridville, gammafunk_temple_overflow_statue,
          kennysheep_little_box, hangedman_decor_riveting, solitary_fountain,
          abandoned_shop, nicolae_lava_and_water
Temple:   minmay_temple_bridge_abc

Skill      XL: |  1  2  3  4  5  6  7 |
---------------+----------------------+-----
Necromancy     | 5 6 7 |  7.8
Fighting       | 1 2 3 |  3.7
Conjurations   | 1 2 |  2.0
Spellcasting   | 3 4 |  4.2
Dodging        | |  1.7
Stealth        | |  1.7

Action                   |  1- 3 |  4- 6 |  7- 9 || total
-------------------------+-------+-------+-------++-------
Melee: Unarmed           |    10 |       |       ||    10
       Dagger            |       |    37 |       ||    37
       Trident           |       |     6 |     7 ||    13
Throw: Stone             |     2 |       |       ||     2
 Cast: Pain              |    72 |    83 |    31 ||   186
       Magic Dart        |    10 |    31 |     5 ||    46
       Animate Skeleton  |       |     9 |     6 ||    15
       Animate Dead      |       |       |     2 ||     2
  Use: Scroll            |       |     9 |     3 ||    12
 Stab: Sleeping          |       |     1 |       ||     1
  Eat: Chunk             |     6 |     9 |     3 ||    18
Armor: Robe              |    10 |    21 |     6 ||    37
Dodge: Dodged            |    24 |    47 |    11 ||    82

Table legend:
 A = Non-vault XP
 B = Vault XP
 C = Vault XP percentage of total XP
 D = Non-vault monster count
 E = Vault monster count
 F = Vault count percentage of total count
                 A         B        C        D         E       F
            +---------+---------+-------+---------+---------+-------
      Total |    1153 |       7 |   0.6 |      92 |       4 |   4.2
            +---------+---------+-------+---------+---------+-------
        D:1 |      22 |       0 |   0.0 |      16 |       0 |   0.0
        D:2 |      39 |       7 |  15.2 |      12 |       4 |  25.0
        D:3 |     126 |       0 |   0.0 |      27 |       0 |   0.0
        D:4 |     463 |       0 |   0.0 |      19 |       0 |   0.0
        D:5 |     319 |       0 |   0.0 |      13 |       0 |   0.0
        D:6 |     184 |       0 |   0.0 |       5 |       0 |   0.0
            +---------+---------+-------+---------+---------+-------
